Coyotes vs Flames
Created - 6 mars 2014 at 20:19
Goals
|
| Coyotes |
2 |
1 |
2 |
5 |
| Flames |
0 |
0 |
1 |
1 |
|
Shots
|
| Coyotes |
10 |
6 |
14 |
30 |
| Flames |
7 |
15 |
14 |
36 |
|
1st period
1. Coyotes , Marian Gaborik 39 (Brenden Morrow, Tim Connolly) at 10:05
2. Coyotes , Maxim Lapierre 11 (Drew Miller, Kurt Sauer) at 16:03
Penalties :
Brenden Morrow (Pho) for Hooking (Minor) at 16:10
2nd period
3. Coyotes , Marian Gaborik 40 (Tim Connolly, Denis Grebeshkov) at 10:47 (PP)
Penalties :
Lukas Krajicek (Pho) for Hooking (Minor) at 6:07, Branko Radivojevic (Cal) for Hooking (Minor) at 10:05, Alexander Semin (Cal) for Cross-checking (Minor) at 10:56, Sergei Samsonov (Pho) for Holding (Minor) at 16:14
3rd period
4. Coyotes , Sergei Samsonov 13 (Frans Nielsen, Bill Guerin) at 2:31
5. Flames , Erik Johnson 4 (Eric Staal) at 2:35
6. Coyotes , Chad Larose 6 (Drew Miller, Jiri Fischer) at 7:12
Penalties :
Eric Staal (Cal) for Fighting (Major) at 18:28, Chad Larose (Pho) for Fighting (Major) at 18:28
Goalie Stats
Ryan Miller (Pho), 35 saves from 36 shots - (0,972), W, 27-24-5, 60:00 minutes
Craig Anderson (Cal), 19 saves from 24 shots - (0,792), L, 19-10-1, 47:12 minutes
Pekka Rinne (Cal), 6 saves from 6 shots - (1,000), 12:48 minutes
Players Stats for Coyotes
Player Name G A P +/- PIM S H SB GA TA FO MP PP MP PK MP
------------------------------------------------------------------------------------
Anton Stralman 0 0 0 0 0 0 2 0 0 0 0/0 14:30 1:22 0:28
Bill Guerin 0 1 1 1 0 1 1 2 0 0 0/0 14:57 1:07 0:00
Brenden Morrow 0 1 1 0 2 1 3 0 0 1 2/3 22:12 1:31 0:27
Chad Larose 1 0 1 2 5 2 0 0 0 0 4/6 14:04 0:03 3:22
Craig Adams 0 0 0 0 0 3 1 0 0 0 0/0 8:32 0:00 1:55
Denis Grebeshkov 0 1 1 0 0 2 1 2 0 2 0/0 27:41 1:19 4:01
Drew Miller 0 2 2 2 0 3 0 2 0 0 0/1 14:47 0:03 3:35
Frans Nielsen 0 1 1 1 0 2 2 0 1 0 7/16 16:56 1:07 1:52
Jiri Fischer 0 1 1 3 0 2 2 2 0 2 0/0 18:17 0:00 1:56
Joël Perrault 0 0 0 0 0 0 1 0 0 1 0/1 6:38 0:03 0:08
Kurt Sauer 0 1 1 0 0 1 1 3 1 2 0/0 26:22 0:00 4:01
Lukas Krajicek 0 0 0 0 2 1 3 0 1 0 0/0 15:45 1:22 1:28
Marian Gaborik 2 0 2 0 0 3 1 0 0 0 2/3 21:38 1:31 0:00
Maxim Lapierre 1 0 1 2 0 2 0 0 0 0 4/9 10:51 0:00 0:00
Riley Cote 0 0 0 0 0 0 2 0 0 0 0/0 6:43 0:00 0:35
Sami Lepisto 0 0 0 3 0 2 0 0 0 0 0/0 17:31 1:19 0:00
Sergei Samsonov 1 0 1 1 2 3 3 0 0 0 0/0 14:57 1:07 0:00
Tim Connolly 0 2 2 0 0 2 1 2 0 0 18/34 21:38 1:31 0:00
Players Stats for Flames
Player Name G A P +/- PIM S H SB GA TA FO MP PP MP PK MP
------------------------------------------------------------------------------------
Alexander Semin 0 0 0 -1 2 3 2 0 2 0 0/1 21:24 3:22 0:00
Branko Radivojevic 0 0 0 -2 2 1 0 1 0 0 0/0 15:25 2:35 0:00
Darcy Hordichuk 0 0 0 0 0 0 2 0 1 0 1/1 15:21 0:00 1:35
Eric Staal 0 1 1 -1 5 4 0 0 3 0 15/39 21:00 3:15 0:36
Erik Johnson 1 0 1 0 0 4 1 2 0 0 0/0 21:21 3:12 0:00
François Beauchemin 0 0 0 0 0 0 0 2 0 0 0/0 21:18 0:00 1:47
Jordin Tootoo 0 0 0 0 0 5 0 1 0 0 1/3 14:28 0:07 0:30
Josef Vasicek 0 0 0 -2 0 1 4 0 0 0 2/4 15:26 2:35 0:00
Marcel Goc 0 0 0 0 0 2 2 0 1 0 4/8 7:37 0:07 0:00
Mark Bell 0 0 0 -2 0 0 1 0 0 1 0/0 15:52 2:35 0:21
Michal Handzus 0 0 0 0 0 5 1 0 1 0 12/15 15:30 0:00 1:44
Mike Leclerc 0 0 0 0 0 3 0 1 0 0 0/0 7:37 0:00 0:36
Milan Hejduk 0 0 0 -1 0 2 2 3 0 0 1/2 20:54 3:15 0:00
Niklas Kronwall 0 0 0 0 0 1 1 1 0 0 0/0 13:19 2:45 0:00
Pavel Vorobiev 0 0 0 0 0 0 1 0 0 0 0/0 6:42 0:00 0:00
Ron Hainsey 0 0 0 0 0 0 0 0 0 0 0/0 14:13 2:45 0:54
Steve Eminger 0 0 0 -3 0 5 0 3 0 2 0/0 24:26 0:00 1:47
Tomas Kaberle 0 0 0 -3 0 0 3 2 0 0 0/0 25:23 3:12 0:54
3 Stars
1 - Ryan Miller (Pho)
2 - Marian Gaborik (Pho)
3 - Drew Miller (Pho)
Power Play
Coyotes - 1 on 2 Attempt(s) - 50,00%
Flames - 0 on 3 Attempt(s) - 0,00%
Penalty Kill
Coyotes - 3 on 3 Attempt(s) - 100,00%
- Score 0 goal in Penalty Kill
Flames - 1 on 2 Attempt(s) - 50,00%
- Score 0 goal in Penalty Kill
Official
Referees : Dwyer Gord and Charron Francis
Linesman : Jay Sharrers and Mark Pare
Game Notes
2:31 of 3rd period - Coyotes goal is going for a video replay. After video review, Goal.
Pekka Rinne enters game at 7:12 of 3rd period
Chad Larose beats up Eric Staal at 18:28 of 3rd period
Finance
Level 1 -- Attendance: 4411 (73,52%) -- Ticket Income 392 579 $
Level 2 -- Attendance: 3932 (78,64%) -- Ticket Income 220 192 $
Level 3 -- Attendance: 1577 (78,85%) -- Ticket Income 50 464 $
Level 4 -- Attendance: 3031 (75,78%) -- Ticket Income 69 713 $
Luxury Box -- Attendance: 730 (73,00%) -- Ticket Income 137 240 $
Game was played at the Metal Center
Total Attendance: 13681 (76,01%)
Total Ticket Income: 870 188 $
Other Income: 130 528 $
Total Income: 1 000 716 $
Coyotes
5 vs 5 Forward
Center Left Wing Right Wing Time % Phy DF OF
1 Tim Connolly Brenden Morrow Marian Gaborik 40 1 2 2
2 Frans Nielsen Sergei Samsonov Bill Guerin 30 1 2 2
3 Maxim Lapierre Drew Miller Chad Larose 25 1 2 2
4 Joël Perrault Riley Cote Craig Adams 5 1 2 2
5 vs 5 Defense
Defense Defense Time % Phy DF OF
1 Denis Grebeshkov Kurt Sauer 40 1 2 2
2 Sami Lepisto Jiri Fischer 30 1 2 2
3 Anton Stralman Lukas Krajicek 20 1 2 2
4 Denis Grebeshkov Kurt Sauer 10 1 2 2
PowerPlay Forward
Center Left Wing Right Wing Time % Phy DF OF
1 Tim Connolly Brenden Morrow Marian Gaborik 60 1 2 2
2 Frans Nielsen Sergei Samsonov Bill Guerin 40 1 2 2
PowerPlay Defense
Defense Defense Time % Phy DF OF
1 Sami Lepisto Denis Grebeshkov 60 1 2 2
2 Anton Stralman Lukas Krajicek 40 1 2 2
Penalty Kill 4 Players Forward
Center Wing Time % Phy DF OF
1 Chad Larose Drew Miller 60 1 2 2
2 Frans Nielsen Craig Adams 40 1 2 2
Penalty Kill 4 Players Defense
Defense Defense Time % Phy DF OF
1 Denis Grebeshkov Kurt Sauer 60 1 2 2
2 Lukas Krajicek Jiri Fischer 40 1 2 2
Penalty Kill - 3 Players Forward
Forward Time % Phy DF OF
1 Drew Miller 60 1 2 2
2 Chad Larose 40 1 2 2
Penalty Kill - 3 Players Defense
Defense Defense Time % Phy DF OF
1 Denis Grebeshkov Kurt Sauer 60 1 2 2
2 Lukas Krajicek Jiri Fischer 40 1 2 2
4 vs 4 Forward
Center Wing Time % Phy DF OF
1 Tim Connolly Marian Gaborik 60 1 2 2
2 Frans Nielsen Brenden Morrow 40 1 2 2
4 vs 4 Defense
Defense Defense Time % Phy DF OF
1 Denis Grebeshkov Kurt Sauer 60 1 2 2
2 Sami Lepisto Jiri Fischer 40 1 2 2
Last Minutes Offensive
Center Left Wing Right Wing Defense Defense
Tim Connolly Brenden Morrow Marian Gaborik Sami Lepisto Denis Grebeshkov
Last Minutes Defensive
Center Left Wing Right Wing Defense Defense
Frans Nielsen Drew Miller Chad Larose Jiri Fischer Kurt Sauer
Goaltenders
Starting : Ryan Miller
Backup : Al Montoya
Extra Forwards
Normal : Bill Guerin, Sergei Samsonov, Craig Adams - PP : Bill Guerin, Sergei Samsonov - PK : Craig Adams
Extra Defensemen
Normal : Sami Lepisto, Lukas Krajicek, Denis Grebeshkov - PP : Sami Lepisto - PK : Lukas Krajicek, Denis Grebeshkov
Penalty Shots
Marian Gaborik, Brenden Morrow, Bill Guerin, Tim Connolly, Frans Nielsen
Flames
5 vs 5 Forward
Center Left Wing Right Wing Time % Phy DF OF
1 Eric Staal Alexander Semin Milan Hejduk 40 1 2 2
2 Michal Handzus Darcy Hordichuk Jordin Tootoo 30 1 2 2
3 Josef Vasicek Mark Bell Branko Radivojevic 20 1 2 2
4 Marcel Goc Mike Leclerc Pavel Vorobiev 10 1 2 2
5 vs 5 Defense
Defense Defense Time % Phy DF OF
1 Tomas Kaberle Steve Eminger 40 1 2 2
2 François Beauchemin Erik Johnson 30 1 2 2
3 Niklas Kronwall Ron Hainsey 20 1 2 2
4 François Beauchemin Steve Eminger 10 1 2 2
PowerPlay Forward
Center Left Wing Right Wing Time % Phy DF OF
1 Eric Staal Alexander Semin Milan Hejduk 60 1 1 3
2 Josef Vasicek Mark Bell Branko Radivojevic 40 1 1 3
PowerPlay Defense
Defense Defense Time % Phy DF OF
1 Tomas Kaberle Erik Johnson 60 1 1 3
2 Niklas Kronwall Ron Hainsey 40 1 1 3
Penalty Kill 4 Players Forward
Center Wing Time % Phy DF OF
1 Michal Handzus Darcy Hordichuk 60 1 3 1
2 Eric Staal Mike Leclerc 40 1 3 1
Penalty Kill 4 Players Defense
Defense Defense Time % Phy DF OF
1 François Beauchemin Steve Eminger 60 1 3 1
2 Tomas Kaberle Ron Hainsey 40 1 3 1
Penalty Kill - 3 Players Forward
Forward Time % Phy DF OF
1 Michal Handzus 60 1 3 1
2 Eric Staal 40 1 3 1
Penalty Kill - 3 Players Defense
Defense Defense Time % Phy DF OF
1 François Beauchemin Steve Eminger 60 1 4 0
2 Tomas Kaberle Ron Hainsey 40 1 4 0
4 vs 4 Forward
Center Wing Time % Phy DF OF
1 Eric Staal Alexander Semin 60 1 2 2
2 Michal Handzus Milan Hejduk 40 1 2 2
4 vs 4 Defense
Defense Defense Time % Phy DF OF
1 Tomas Kaberle Steve Eminger 60 1 2 2
2 François Beauchemin Erik Johnson 40 1 2 2
Last Minutes Offensive
Center Left Wing Right Wing Defense Defense
Eric Staal Alexander Semin Milan Hejduk Tomas Kaberle Steve Eminger
Last Minutes Defensive
Center Left Wing Right Wing Defense Defense
Eric Staal Darcy Hordichuk Milan Hejduk Tomas Kaberle Steve Eminger
Goaltenders
Starting : Craig Anderson
Backup : Pekka Rinne
Extra Forwards
Normal : Milan Hejduk, Mark Bell, Josef Vasicek - PP : Milan Hejduk, Marcel Goc - PK : Jordin Tootoo
Extra Defensemen
Normal : François Beauchemin, Erik Johnson, Niklas Kronwall - PP : François Beauchemin - PK : Erik Johnson, Ron Hainsey
Penalty Shots
Eric Staal, Josef Vasicek, Alexander Semin, Milan Hejduk, Marcel Goc
% Time on Ice - Coyotes
Lines # - Real PCT - Wanted PCT - Time Play
Normal Forward
1 - 40% - 40% - 20:33
2 - 27% - 30% - 13:50
3 - 21% - 25% - 10:51
4 - 12% - 5% - 6:08
Normal Defense
1 - 38% - 40% - 19:38
2 - 33% - 30% - 16:42
3 - 24% - 20% - 12:19
4 - 5% - 10% - 2:43
PP Forward
1 - 58% - 60% - 1:34
2 - 42% - 40% - 1:07
PP Defense
1 - 49% - 60% - 1:19
2 - 51% - 40% - 1:22
PK Forward
1 - 82% - 60% - 4:54
2 - 18% - 40% - 1:03
PK Defense
1 - 68% - 60% - 4:01
2 - 32% - 40% - 1:56
PK3 Forward
1 - 0% - 60%
2 - 0% - 40%
PK3 Defense
1 - 0% - 60%
2 - 0% - 40%
44 Forward
1 - 0% - 60%
2 - 0% - 40%
44 Defense
1 - 0% - 60%
2 - 0% - 40%
Last Minute Offensive - 0:00
Last Minute Defensive - 0:00
Total
Forward - 60:00
Defense - 60:00
|
% Time on Ice - Flames
Lines # - Real PCT - Wanted PCT - Time Play
Normal Forward
1 - 35% - 40% - 17:44
2 - 28% - 30% - 14:09
3 - 25% - 20% - 12:47
4 - 13% - 10% - 6:42
Normal Defense
1 - 41% - 40% - 21:17
2 - 32% - 30% - 16:15
3 - 21% - 20% - 10:34
4 - 6% - 10% - 3:16
PP Forward
1 - 57% - 60% - 3:22
2 - 43% - 40% - 2:35
PP Defense
1 - 54% - 60% - 3:12
2 - 46% - 40% - 2:45
PK Forward
1 - 78% - 60% - 2:05
2 - 22% - 40% - 0:36
PK Defense
1 - 66% - 60% - 1:47
2 - 34% - 40% - 0:54
PK3 Forward
1 - 0% - 60%
2 - 0% - 40%
PK3 Defense
1 - 0% - 60%
2 - 0% - 40%
44 Forward
1 - 0% - 60%
2 - 0% - 40%
44 Defense
1 - 0% - 60%
2 - 0% - 40%
Last Minute Offensive - 0:00
Last Minute Defensive - 0:00
Total
Forward - 60:00
Defense - 60:00
|
Play by Play
1st period
0:01 of 1st period - Eric Staal wins face-off versus Tim Connolly in neutral zone.
0:16 of 1st period - Wrist shot by Alexander Semin.
0:16 of 1st period - Shot Misses the Net.
0:32 of 1st period - Slapshot by Michal Handzus.
0:32 of 1st period - Shot Blocked by Denis Grebeshkov.
0:52 of 1st period - Chad Larose is hit by Josef Vasicek and loses puck.
1:11 of 1st period - Ron Hainsey is hit by Kurt Sauer and loses puck.
1:31 of 1st period - Icing by Mike Leclerc.
1:32 of 1st period - Michal Handzus wins face-off versus Tim Connolly in Flames zone.
1:45 of 1st period - Wrist shot by Jordin Tootoo.
1:45 of 1st period - Shot Blocked by Jiri Fischer.
1:56 of 1st period - Icing by Niklas Kronwall.
1:57 of 1st period - Frans Nielsen wins face-off versus Eric Staal in Flames zone.
2:22 of 1st period - Josef Vasicek is hit by Lukas Krajicek and loses puck.
2:43 of 1st period - Snap shot by Craig Adams.
2:43 of 1st period - Shot Blocked by François Beauchemin.
2:49 of 1st period - Jiri Fischer is hit by Michal Handzus and loses puck.
3:16 of 1st period - Marian Gaborik is hit by Milan Hejduk and loses puck.
3:29 of 1st period - Mike Leclerc is hit by Frans Nielsen and loses puck.
3:37 of 1st period - Slapshot by Tomas Kaberle.
3:37 of 1st period - Shot Blocked by Kurt Sauer.
3:39 of 1st period - Wrist shot by Mike Leclerc.
3:39 of 1st period - Stopped by Ryan Miller with a rebound.
3:57 of 1st period - Snap shot by Josef Vasicek.
3:57 of 1st period - Shot Blocked by Drew Miller.
3:59 of 1st period - Slapshot by François Beauchemin.
3:59 of 1st period - Shot Misses the Net.
4:18 of 1st period - Off-side.
4:19 of 1st period - Tim Connolly wins face-off versus Eric Staal in neutral zone.
4:46 of 1st period - Michal Handzus is hit by Lukas Krajicek and loses puck.
5:07 of 1st period - Wrist shot by Craig Adams.
5:07 of 1st period - Stopped by Craig Anderson with a rebound.
5:13 of 1st period - Mark Bell is hit by Riley Cote and loses puck.
5:48 of 1st period - Snap shot by Marcel Goc.
5:48 of 1st period - Shot Misses the Net.
6:11 of 1st period - Jordin Tootoo is hit by Frans Nielsen and loses puck.
6:32 of 1st period - Snap shot by Branko Radivojevic.
6:32 of 1st period - Stopped by Ryan Miller with a rebound.
6:34 of 1st period - Slapshot by Steve Eminger.
6:34 of 1st period - Stopped by Ryan Miller with a rebound.
6:57 of 1st period - Slapshot by Lukas Krajicek.
6:57 of 1st period - Stopped by Craig Anderson with a rebound.
8:10 of 1st period - Craig Adams is hit by Pavel Vorobiev and loses puck.
8:37 of 1st period - Snap shot by Alexander Semin.
8:37 of 1st period - Stopped by Ryan Miller without a rebound.
8:38 of 1st period - Michal Handzus wins face-off versus Tim Connolly in Coyotes zone.
9:11 of 1st period - Slapshot by Sergei Samsonov.
9:11 of 1st period - Shot Misses the Net.
9:13 of 1st period - Snap shot by Frans Nielsen.
9:13 of 1st period - Stopped by Craig Anderson with a rebound.
9:51 of 1st period - Snap shot by Mike Leclerc.
9:51 of 1st period - Deflect By Marcel Goc.
9:51 of 1st period - Shot Misses the Net.
9:51 of 1st period - Puck is out of play.
9:52 of 1st period - Tim Connolly wins face-off versus Eric Staal in Coyotes zone.
10:05 of 1st period - Slapshot by Brenden Morrow.
10:05 of 1st period - Deflect By Marian Gaborik.
10:05 of 1st period - Goal by Marian Gaborik - Coyotes : 1 - Flames : 0.
10:06 of 1st period - Tim Connolly wins face-off versus Eric Staal in neutral zone.
10:09 of 1st period - Wrist shot by Tim Connolly.
10:09 of 1st period - Stopped by Craig Anderson without a rebound.
10:10 of 1st period - Milan Hejduk wins face-off versus Tim Connolly in Flames zone.
10:17 of 1st period - Snap shot by Alexander Semin.
10:17 of 1st period - Shot Blocked by Tim Connolly.
10:23 of 1st period - Alexander Semin is hit by Tim Connolly and loses puck.
11:47 of 1st period - François Beauchemin is hit by Bill Guerin and loses puck.
11:55 of 1st period - Icing by Alexander Semin.
11:56 of 1st period - Eric Staal wins face-off versus Maxim Lapierre in Flames zone.
12:05 of 1st period - Wrist shot by Alexander Semin.
12:05 of 1st period - Shot Blocked by Drew Miller.
12:22 of 1st period - Slapshot by Eric Staal.
12:22 of 1st period - Stopped by Ryan Miller without a rebound.
12:23 of 1st period - Tim Connolly wins face-off versus Michal Handzus in Coyotes zone.
12:34 of 1st period - Snap shot by Brenden Morrow.
12:34 of 1st period - Stopped by Craig Anderson with a rebound.
12:36 of 1st period - Snap shot by Tim Connolly.
12:36 of 1st period - Shot Misses the Net.
12:38 of 1st period - Wrist shot by Tim Connolly.
12:38 of 1st period - Stopped by Craig Anderson with a rebound.
12:55 of 1st period - Wrist shot by Sergei Samsonov.
12:55 of 1st period - Stopped by Craig Anderson without a rebound.
12:56 of 1st period - Josef Vasicek wins face-off versus Brenden Morrow in Flames zone.
12:56 of 1st period - Josef Vasicek is hit by Jiri Fischer.
13:24 of 1st period - Slapshot by Tomas Kaberle.
13:24 of 1st period - Deflect By Pavel Vorobiev.
13:24 of 1st period - Shot Blocked by Jiri Fischer.
13:24 of 1st period - Puck is out of play.
13:25 of 1st period - Marcel Goc wins face-off versus Frans Nielsen in Coyotes zone.
13:26 of 1st period - Snap shot by Mike Leclerc.
13:26 of 1st period - Stopped by Ryan Miller without a rebound.
13:27 of 1st period - Frans Nielsen wins face-off versus Marcel Goc in Coyotes zone.
13:34 of 1st period - Wrist shot by Bill Guerin.
13:34 of 1st period - Shot Blocked by Mike Leclerc.
13:42 of 1st period - Kurt Sauer is hit by Marcel Goc.
13:45 of 1st period - Off-side.
13:46 of 1st period - Eric Staal wins face-off versus Tim Connolly in neutral zone.
14:15 of 1st period - Off-side.
14:16 of 1st period - Michal Handzus wins face-off versus Frans Nielsen in neutral zone.
14:31 of 1st period - Slapshot by Bill Guerin.
14:31 of 1st period - Shot Hit the Post.
14:41 of 1st period - Tim Connolly is hit by Darcy Hordichuk and loses puck.
15:06 of 1st period - Snap shot by Michal Handzus.
15:06 of 1st period - Stopped by Ryan Miller with a rebound.
15:24 of 1st period - Wrist shot by Mark Bell.
15:24 of 1st period - Deflect By Sergei Samsonov.
15:24 of 1st period - Shot Blocked by Bill Guerin.
15:24 of 1st period - Puck is out of play.
15:25 of 1st period - Frans Nielsen wins face-off versus Josef Vasicek in Coyotes zone.
15:50 of 1st period - Mark Bell is hit by Lukas Krajicek and loses puck.
15:59 of 1st period - Snap shot by Drew Miller.
15:59 of 1st period - Shot Misses the Net.
16:03 of 1st period - Snap shot by Drew Miller.
16:03 of 1st period - Deflect By Maxim Lapierre.
16:03 of 1st period - Goal by Maxim Lapierre - Coyotes : 2 - Flames : 0.
16:04 of 1st period - Eric Staal wins face-off versus Marian Gaborik in neutral zone.
16:10 of 1st period - Minor Penalty to Brenden Morrow for Hooking.
16:11 of 1st period - Chad Larose wins face-off versus Eric Staal in Coyotes zone.
17:39 of 1st period - Kurt Sauer is hit by Josef Vasicek and loses puck.
18:10 of 1st period - Penalty to Brenden Morrow is over, Brenden Morrow is back on ice.
18:15 of 1st period - Erik Johnson is hit by Jiri Fischer and loses puck.
18:32 of 1st period - Icing by Tim Connolly.
18:33 of 1st period - Marcel Goc wins face-off versus Frans Nielsen in Coyotes zone.
19:47 of 1st period - Wrist shot by Craig Adams.
19:47 of 1st period - Stopped by Craig Anderson with a rebound.
Goals for this period are 2 for Coyotes vs 0 for Flames.
Shots for this period are 10 for Coyotes vs 7 for Flames.
2nd period
0:01 of 2nd period - Tim Connolly wins face-off versus Eric Staal in neutral zone.
0:26 of 2nd period - Tomas Kaberle is hit by Sergei Samsonov.
0:52 of 2nd period - Snap shot by Chad Larose.
0:52 of 2nd period - Stopped by Craig Anderson with a rebound.
0:54 of 2nd period - Wrist shot by Drew Miller.
0:54 of 2nd period - Stopped by Craig Anderson without a rebound.
0:55 of 2nd period - Tim Connolly wins face-off versus Eric Staal in Flames zone.
1:22 of 2nd period - Frans Nielsen is hit by Josef Vasicek and loses puck.
1:49 of 2nd period - Slapshot by Darcy Hordichuk.
1:49 of 2nd period - Shot Misses the Net.
1:51 of 2nd period - Snap shot by Jordin Tootoo.
1:51 of 2nd period - Stopped by Ryan Miller without a rebound.
1:52 of 2nd period - Marian Gaborik wins face-off versus Eric Staal in Coyotes zone.
2:07 of 2nd period - Wrist shot by Alexander Semin.
2:07 of 2nd period - Shot Blocked by Kurt Sauer.
2:26 of 2nd period - Wrist shot by Frans Nielsen.
2:26 of 2nd period - Stopped by Craig Anderson without a rebound.
2:27 of 2nd period - Tim Connolly wins face-off versus Eric Staal in Flames zone.
2:30 of 2nd period - Wrist shot by Marian Gaborik.
2:30 of 2nd period - Shot Blocked by Milan Hejduk.
3:04 of 2nd period - Snap shot by Frans Nielsen.
3:04 of 2nd period - Shot Misses the Net.
3:13 of 2nd period - Josef Vasicek is hit by Denis Grebeshkov and loses puck.
3:18 of 2nd period - Wrist shot by Drew Miller.
3:18 of 2nd period - Shot Hit the Post.
3:20 of 2nd period - Wrist shot by Chad Larose.
3:20 of 2nd period - Shot Blocked by Branko Radivojevic.
3:22 of 2nd period - Wrist shot by Drew Miller.
3:22 of 2nd period - Shot Blocked by Niklas Kronwall.
3:24 of 2nd period - Snap shot by Kurt Sauer.
3:24 of 2nd period - Shot Misses the Net.
3:34 of 2nd period - Ron Hainsey is hit by Joël Perrault.
3:38 of 2nd period - Slapshot by Niklas Kronwall.
3:38 of 2nd period - Stopped by Ryan Miller without a rebound.
3:39 of 2nd period - Brenden Morrow wins face-off versus Marcel Goc in Coyotes zone.
4:08 of 2nd period - Slapshot by Steve Eminger.
4:08 of 2nd period - Shot Misses the Net.
4:10 of 2nd period - Backhand shot by Milan Hejduk.
4:10 of 2nd period - Stopped by Ryan Miller with a rebound.
4:12 of 2nd period - Snap shot by Eric Staal.
4:12 of 2nd period - Stopped by Ryan Miller without a rebound.
4:13 of 2nd period - Tim Connolly wins face-off versus Eric Staal in Coyotes zone.
5:04 of 2nd period - Denis Grebeshkov is hit by Tomas Kaberle and loses puck.
5:51 of 2nd period - Slapshot by Sami Lepisto.
5:51 of 2nd period - Stopped by Craig Anderson with a rebound.
5:53 of 2nd period - Snap shot by Craig Adams.
5:53 of 2nd period - Stopped by Craig Anderson without a rebound.
5:54 of 2nd period - Eric Staal wins face-off versus Tim Connolly in Flames zone.
5:54 of 2nd period - Eric Staal is hit by Brenden Morrow.
6:02 of 2nd period - Snap shot by Alexander Semin.
6:02 of 2nd period - Stopped by Ryan Miller with a rebound.
6:04 of 2nd period - Slapshot by Erik Johnson.
6:04 of 2nd period - Stopped by Ryan Miller without a rebound.
6:05 of 2nd period - Tim Connolly wins face-off versus Milan Hejduk in Coyotes zone.
6:07 of 2nd period - Minor Penalty to Lukas Krajicek for Hooking.
6:08 of 2nd period - Chad Larose wins face-off versus Eric Staal in Coyotes zone.
6:18 of 2nd period - Wrist shot by Eric Staal.
6:18 of 2nd period - Stopped by Ryan Miller without a rebound.
6:19 of 2nd period - Chad Larose wins face-off versus Eric Staal in Coyotes zone.
6:24 of 2nd period - Wrist shot by Alexander Semin.
6:24 of 2nd period - Shot Blocked by Kurt Sauer.
6:30 of 2nd period - Slapshot by Eric Staal.
6:30 of 2nd period - Shot Misses the Net.
6:32 of 2nd period - Slapshot by Erik Johnson.
6:32 of 2nd period - Stopped by Ryan Miller without a rebound.
6:33 of 2nd period - Chad Larose wins face-off versus Alexander Semin in Coyotes zone.
6:44 of 2nd period - Slapshot by Erik Johnson.
6:44 of 2nd period - Deflect By Eric Staal.
6:44 of 2nd period - Shot Misses the Net.
6:44 of 2nd period - Puck is out of play.
6:45 of 2nd period - Eric Staal wins face-off versus Chad Larose in Coyotes zone.
7:19 of 2nd period - Jiri Fischer is hit by Josef Vasicek and loses puck.
7:36 of 2nd period - Ron Hainsey is hit by Craig Adams and loses puck.
8:07 of 2nd period - Penalty to Lukas Krajicek is over, Lukas Krajicek is back on ice.
8:34 of 2nd period - Icing by Michal Handzus.
8:35 of 2nd period - Marcel Goc wins face-off versus Joël Perrault in Flames zone.
8:44 of 2nd period - Snap shot by Marcel Goc.
8:44 of 2nd period - Shot Misses the Net.
8:48 of 2nd period - Snap shot by Mike Leclerc.
8:48 of 2nd period - Shot Misses the Net.
8:50 of 2nd period - Wrist shot by Pavel Vorobiev.
8:50 of 2nd period - Shot Misses the Net.
9:05 of 2nd period - Slapshot by Alexander Semin.
9:05 of 2nd period - Stopped by Ryan Miller without a rebound.
9:06 of 2nd period - Tim Connolly wins face-off versus Eric Staal in Coyotes zone.
9:06 of 2nd period - Tim Connolly is hit by Alexander Semin.
9:32 of 2nd period - Snap shot by Michal Handzus.
9:32 of 2nd period - Stopped by Ryan Miller with a rebound.
9:34 of 2nd period - Wrist shot by Jordin Tootoo.
9:34 of 2nd period - Stopped by Ryan Miller with a rebound.
9:36 of 2nd period - Snap shot by Michal Handzus.
9:36 of 2nd period - Shot Misses the Net.
10:05 of 2nd period - Minor Penalty to Branko Radivojevic for Hooking.
10:06 of 2nd period - Michal Handzus wins face-off versus Tim Connolly in Flames zone.
10:06 of 2nd period - Michal Handzus is hit by Marian Gaborik.
10:19 of 2nd period - Wrist shot by Darcy Hordichuk.
10:19 of 2nd period - Shot Misses the Net.
10:36 of 2nd period - Off-side.
10:37 of 2nd period - Michal Handzus wins face-off versus Tim Connolly in neutral zone.
10:47 of 2nd period - Wrist shot by Marian Gaborik.
10:47 of 2nd period - Goal by Marian Gaborik - Coyotes : 3 - Flames : 0.
10:48 of 2nd period - Eric Staal wins face-off versus Tim Connolly in neutral zone.
10:56 of 2nd period - Minor Penalty to Alexander Semin for Cross-checking.
10:57 of 2nd period - Michal Handzus wins face-off versus Tim Connolly in Flames zone.
12:56 of 2nd period - Penalty to Alexander Semin is over, Alexander Semin is back on ice.
13:03 of 2nd period - Snap shot by Eric Staal.
13:03 of 2nd period - Stopped by Ryan Miller with a rebound.
13:09 of 2nd period - Ron Hainsey is hit by Anton Stralman and loses puck.
13:24 of 2nd period - Off-side.
13:25 of 2nd period - Josef Vasicek wins face-off versus Maxim Lapierre in neutral zone.
14:13 of 2nd period - Slapshot by Alexander Semin.
14:13 of 2nd period - Deflect By Eric Staal.
14:13 of 2nd period - Shot Misses the Net.
14:13 of 2nd period - Puck is out of play.
14:14 of 2nd period - Michal Handzus wins face-off versus Tim Connolly in Coyotes zone.
14:17 of 2nd period - Snap shot by Michal Handzus.
14:17 of 2nd period - Stopped by Ryan Miller with a rebound.
14:25 of 2nd period - Snap shot by Marian Gaborik.
14:25 of 2nd period - Shot Misses the Net.
14:27 of 2nd period - Snap shot by Marian Gaborik.
14:27 of 2nd period - Shot Misses the Net.
14:44 of 2nd period - Slapshot by Niklas Kronwall.
14:44 of 2nd period - Shot Misses the Net.
16:09 of 2nd period - Off-side.
16:10 of 2nd period - Eric Staal wins face-off versus Frans Nielsen in neutral zone.
16:14 of 2nd period - Minor Penalty to Sergei Samsonov for Holding.
16:15 of 2nd period - Eric Staal wins face-off versus Chad Larose in Coyotes zone.
18:14 of 2nd period - Penalty to Sergei Samsonov is over, Sergei Samsonov is back on ice.
18:21 of 2nd period - Snap shot by Marian Gaborik.
18:21 of 2nd period - Shot Blocked by Jordin Tootoo.
18:23 of 2nd period - Slapshot by Lukas Krajicek.
18:23 of 2nd period - Shot Misses the Net.
18:42 of 2nd period - Snap shot by Marcel Goc.
18:42 of 2nd period - Stopped by Ryan Miller without a rebound.
18:43 of 2nd period - Frans Nielsen wins face-off versus Michal Handzus in Coyotes zone.
18:43 of 2nd period - Frans Nielsen is hit by Darcy Hordichuk.
18:55 of 2nd period - Backhand shot by Michal Handzus.
18:55 of 2nd period - Shot Misses the Net.
18:57 of 2nd period - Snap shot by Jordin Tootoo.
18:57 of 2nd period - Stopped by Ryan Miller with a rebound.
19:45 of 2nd period - Drew Miller is hit by Tomas Kaberle and loses puck.
Goals for this period are 1 for Coyotes vs 0 for Flames.
Shots for this period are 6 for Coyotes vs 15 for Flames.
3rd period
0:01 of 3rd period - Tim Connolly wins face-off versus Eric Staal in neutral zone.
0:04 of 3rd period - Wrist shot by Tim Connolly.
0:04 of 3rd period - Shot Blocked by Milan Hejduk.
0:06 of 3rd period - Snap shot by Marian Gaborik.
0:06 of 3rd period - Stopped by Craig Anderson without a rebound.
0:07 of 3rd period - Eric Staal wins face-off versus Tim Connolly in Flames zone.
0:17 of 3rd period - Off-side.
0:18 of 3rd period - Tim Connolly wins face-off versus Eric Staal in neutral zone.
0:55 of 3rd period - Steve Eminger is hit by Sergei Samsonov and loses puck.
1:05 of 3rd period - Icing by Denis Grebeshkov.
1:06 of 3rd period - Maxim Lapierre wins face-off versus Josef Vasicek in Coyotes zone.
1:15 of 3rd period - Slapshot by Denis Grebeshkov.
1:15 of 3rd period - Stopped by Craig Anderson with a rebound.
1:17 of 3rd period - Wrist shot by Denis Grebeshkov.
1:17 of 3rd period - Stopped by Craig Anderson with a rebound.
1:21 of 3rd period - Slapshot by Drew Miller.
1:21 of 3rd period - Shot Misses the Net.
1:56 of 3rd period - Snap shot by Steve Eminger.
1:56 of 3rd period - Stopped by Ryan Miller with a rebound.
2:03 of 3rd period - Icing by Sergei Samsonov.
2:04 of 3rd period - Frans Nielsen wins face-off versus Eric Staal in Coyotes zone.
2:09 of 3rd period - Snap shot by Frans Nielsen.
2:09 of 3rd period - Shot Misses the Net.
2:11 of 3rd period - Snap shot by Bill Guerin.
2:11 of 3rd period - Stopped by Craig Anderson with a rebound.
2:13 of 3rd period - Slapshot by Sami Lepisto.
2:13 of 3rd period - Stopped by Craig Anderson with a rebound.
2:15 of 3rd period - Slapshot by Jiri Fischer.
2:15 of 3rd period - Stopped by Craig Anderson with a rebound.
2:17 of 3rd period - Snap shot by Bill Guerin.
2:17 of 3rd period - Shot Misses the Net.
2:19 of 3rd period - Snap shot by Sergei Samsonov.
2:19 of 3rd period - Shot Blocked by Tomas Kaberle.
2:29 of 3rd period - Snap shot by Sergei Samsonov.
2:29 of 3rd period - Shot Misses the Net.
2:31 of 3rd period - Slapshot by Frans Nielsen.
2:31 of 3rd period - Deflect By Sergei Samsonov.
2:31 of 3rd period - Coyotes goal is going for a video replay.
2:31 of 3rd period - The goal is good.
2:31 of 3rd period - Goal by Sergei Samsonov - Coyotes : 4 - Flames : 0.
2:32 of 3rd period - Eric Staal wins face-off versus Tim Connolly in neutral zone.
2:35 of 3rd period - Slapshot by Erik Johnson.
2:35 of 3rd period - Goal by Erik Johnson - Coyotes : 4 - Flames : 1.
2:36 of 3rd period - Brenden Morrow wins face-off versus Eric Staal in neutral zone.
3:47 of 3rd period - Marcel Goc is hit by Riley Cote and loses puck.
4:31 of 3rd period - Slapshot by Erik Johnson.
4:31 of 3rd period - Stopped by Ryan Miller without a rebound.
4:32 of 3rd period - Frans Nielsen wins face-off versus Michal Handzus in Coyotes zone.
4:34 of 3rd period - Icing by Sami Lepisto.
4:35 of 3rd period - Michal Handzus wins face-off versus Frans Nielsen in Coyotes zone.
4:42 of 3rd period - Wrist shot by Jordin Tootoo.
4:42 of 3rd period - Stopped by Ryan Miller without a rebound.
4:43 of 3rd period - Marian Gaborik wins face-off versus Eric Staal in Coyotes zone.
4:58 of 3rd period - Wrist shot by Tim Connolly.
4:58 of 3rd period - Shot Blocked by Milan Hejduk.
5:32 of 3rd period - Denis Grebeshkov is hit by Mark Bell and loses puck.
5:57 of 3rd period - Wrist shot by Mike Leclerc.
5:57 of 3rd period - Stopped by Ryan Miller without a rebound.
5:58 of 3rd period - Tim Connolly wins face-off versus Marcel Goc in Coyotes zone.
5:58 of 3rd period - Tim Connolly is hit by Marcel Goc.
6:07 of 3rd period - Wrist shot by Marcel Goc.
6:07 of 3rd period - Stopped by Ryan Miller with a rebound.
6:13 of 3rd period - Snap shot by Marcel Goc.
6:13 of 3rd period - Shot Blocked by Tim Connolly.
6:15 of 3rd period - Slapshot by Steve Eminger.
6:15 of 3rd period - Stopped by Ryan Miller without a rebound.
6:16 of 3rd period - Eric Staal wins face-off versus Frans Nielsen in Coyotes zone.
6:29 of 3rd period - Snap shot by Frans Nielsen.
6:29 of 3rd period - Shot Misses the Net.
7:12 of 3rd period - Snap shot by Chad Larose.
7:12 of 3rd period - Goal by Chad Larose - Coyotes : 5 - Flames : 1.
7:12 of 3rd period - Pekka Rinne enters game.
7:13 of 3rd period - Eric Staal wins face-off versus Tim Connolly in neutral zone.
7:44 of 3rd period - Snap shot by Jordin Tootoo.
7:44 of 3rd period - Stopped by Ryan Miller with a rebound.
7:46 of 3rd period - Slapshot by Michal Handzus.
7:46 of 3rd period - Deflect By Darcy Hordichuk.
7:46 of 3rd period - Shot Blocked by Bill Guerin.
7:46 of 3rd period - Puck is out of play.
7:47 of 3rd period - Maxim Lapierre wins face-off versus Eric Staal in Coyotes zone.
7:58 of 3rd period - Wrist shot by Chad Larose.
7:58 of 3rd period - Shot Misses the Net.
8:19 of 3rd period - Steve Eminger is hit by Brenden Morrow and loses puck.
8:34 of 3rd period - Snap shot by Lukas Krajicek.
8:34 of 3rd period - Shot Blocked by Erik Johnson.
8:36 of 3rd period - Slapshot by Sergei Samsonov.
8:36 of 3rd period - Shot Misses the Net.
8:38 of 3rd period - Slapshot by Denis Grebeshkov.
8:38 of 3rd period - Shot Misses the Net.
8:40 of 3rd period - Slapshot by Kurt Sauer.
8:40 of 3rd period - Stopped by Pekka Rinne with a rebound.
8:42 of 3rd period - Slapshot by Denis Grebeshkov.
8:42 of 3rd period - Shot Blocked by François Beauchemin.
8:54 of 3rd period - Slapshot by Drew Miller.
8:54 of 3rd period - Shot Misses the Net.
8:58 of 3rd period - Snap shot by Drew Miller.
8:58 of 3rd period - Stopped by Pekka Rinne with a rebound.
9:35 of 3rd period - Off-side.
9:36 of 3rd period - Tim Connolly wins face-off versus Jordin Tootoo in neutral zone.
10:12 of 3rd period - Snap shot by Darcy Hordichuk.
10:12 of 3rd period - Shot Misses the Net.
10:14 of 3rd period - Slapshot by Steve Eminger.
10:14 of 3rd period - Stopped by Ryan Miller without a rebound.
10:15 of 3rd period - Tim Connolly wins face-off versus Eric Staal in Coyotes zone.
10:40 of 3rd period - Sergei Samsonov is hit by Tomas Kaberle and loses puck.
10:51 of 3rd period - Snap shot by Josef Vasicek.
10:51 of 3rd period - Stopped by Ryan Miller without a rebound.
10:52 of 3rd period - Tim Connolly wins face-off versus Eric Staal in Coyotes zone.
11:05 of 3rd period - Backhand shot by Tim Connolly.
11:05 of 3rd period - Shot Misses the Net.
11:07 of 3rd period - Slapshot by Marian Gaborik.
11:07 of 3rd period - Shot Blocked by Erik Johnson.
11:17 of 3rd period - Snap shot by Drew Miller.
11:17 of 3rd period - Stopped by Pekka Rinne without a rebound.
11:18 of 3rd period - Michal Handzus wins face-off versus Drew Miller in Flames zone.
11:23 of 3rd period - Slapshot by Steve Eminger.
11:23 of 3rd period - Deflect By Michal Handzus.
11:23 of 3rd period - Shot Misses the Net.
11:23 of 3rd period - Puck is out of play.
11:24 of 3rd period - Jordin Tootoo wins face-off versus Maxim Lapierre in Coyotes zone.
11:25 of 3rd period - Slapshot by Michal Handzus.
11:25 of 3rd period - Stopped by Ryan Miller without a rebound.
11:26 of 3rd period - Darcy Hordichuk wins face-off versus Tim Connolly in Coyotes zone.
11:27 of 3rd period - Snap shot by Michal Handzus.
11:27 of 3rd period - Shot Blocked by Denis Grebeshkov.
11:29 of 3rd period - Wrist shot by Michal Handzus.
11:29 of 3rd period - Stopped by Ryan Miller without a rebound.
11:30 of 3rd period - Tim Connolly wins face-off versus Eric Staal in Coyotes zone.
12:02 of 3rd period - Snap shot by Jiri Fischer.
12:02 of 3rd period - Shot Blocked by Tomas Kaberle.
12:04 of 3rd period - Backhand shot by Sergei Samsonov.
12:04 of 3rd period - Stopped by Pekka Rinne without a rebound.
12:05 of 3rd period - Eric Staal wins face-off versus Tim Connolly in Flames zone.
12:09 of 3rd period - Icing by Alexander Semin.
12:10 of 3rd period - Tim Connolly wins face-off versus Eric Staal in Flames zone.
12:29 of 3rd period - Marian Gaborik is hit by Erik Johnson and loses puck.
13:05 of 3rd period - Off-side.
13:06 of 3rd period - Michal Handzus wins face-off versus Frans Nielsen in neutral zone.
13:11 of 3rd period - Slapshot by Steve Eminger.
13:11 of 3rd period - Stopped by Ryan Miller without a rebound.
13:12 of 3rd period - Michal Handzus wins face-off versus Frans Nielsen in Coyotes zone.
13:21 of 3rd period - Snap shot by Frans Nielsen.
13:21 of 3rd period - Deflect By Sergei Samsonov.
13:21 of 3rd period - Deflect By Tomas Kaberle.
13:21 of 3rd period - Shot Misses the Net.
13:21 of 3rd period - Puck is out of play.
13:22 of 3rd period - Michal Handzus wins face-off versus Frans Nielsen in Flames zone.
13:37 of 3rd period - Wrist shot by Frans Nielsen.
13:37 of 3rd period - Shot Misses the Net.
13:58 of 3rd period - Josef Vasicek is hit by Anton Stralman.
14:15 of 3rd period - Tomas Kaberle is hit by Brenden Morrow and loses puck.
16:38 of 3rd period - Off-side.
16:39 of 3rd period - Maxim Lapierre wins face-off versus Eric Staal in neutral zone.
17:04 of 3rd period - Darcy Hordichuk is hit by Sergei Samsonov.
17:48 of 3rd period - Joël Perrault is hit by Milan Hejduk and loses puck.
18:07 of 3rd period - Slapshot by Jiri Fischer.
18:07 of 3rd period - Shot Blocked by Steve Eminger.
18:09 of 3rd period - Wrist shot by Drew Miller.
18:09 of 3rd period - Shot Hit the Post.
18:11 of 3rd period - Slapshot by Jiri Fischer.
18:11 of 3rd period - Stopped by Pekka Rinne with a rebound.
18:13 of 3rd period - Slapshot by Jiri Fischer.
18:13 of 3rd period - Deflect By Chad Larose.
18:13 of 3rd period - Shot Blocked by Steve Eminger.
18:13 of 3rd period - Puck is out of play.
18:14 of 3rd period - Eric Staal wins face-off versus Maxim Lapierre in Flames zone.
18:28 of 3rd period - Chad Larose beats up Eric Staal.
18:28 of 3rd period - Penalty to Eric Staal for Fighting.
18:28 of 3rd period - Penalty to Chad Larose for Fighting.
18:29 of 3rd period - Frans Nielsen wins face-off versus Marcel Goc in Coyotes zone.
18:42 of 3rd period - Slapshot by Frans Nielsen.
18:42 of 3rd period - Shot Blocked by Steve Eminger.
18:50 of 3rd period - Frans Nielsen is hit by Alexander Semin and loses puck.
19:03 of 3rd period - Icing by Steve Eminger.
19:04 of 3rd period - Marcel Goc wins face-off versus Maxim Lapierre in Flames zone.
19:11 of 3rd period - Wrist shot by Milan Hejduk.
19:11 of 3rd period - Stopped by Ryan Miller without a rebound.
19:12 of 3rd period - Maxim Lapierre wins face-off versus Jordin Tootoo in Coyotes zone.
19:12 of 3rd period - Maxim Lapierre is hit by Niklas Kronwall.
19:26 of 3rd period - Snap shot by Maxim Lapierre.
19:26 of 3rd period - Stopped by Pekka Rinne with a rebound.
Goals for this period are 2 for Coyotes vs 1 for Flames.
Shots for this period are 14 for Coyotes vs 14 for Flames.
Output by the SimonT Hockey Simulator (STHS) for François Prévost -- Original Page W3C XHTML 1.0 Valid